 Dungeon Crawl Stone Soup version 0.26-a0-682-g294304f6e8 (webtiles) character file.

Game seed: 5579087460480562214

277 DogServant the Shield-Bearer (level 6, 0/47 HPs)
             Began as a Formicid Fighter on Oct 20, 2020.
             Killed by divine providence
             ... invoked by an orc priest
              (15 damage)
             ... on level 4 of the Dungeon.
             The game lasted 00:05:11 (3155 turns).

DogServant the Shield-Bearer (Formicid Fighter)     Turns: 3155, Time: 00:05:12

Health: 0/47       AC:  7    Str: 22    XL:     6   Next: 50%
Magic:  6/6        EV:  8    Int:  3    God:
Gold:   201        SH: 10    Dex: 11    Spells: 5/5 levels left

rFire    . . .     SeeInvis +   a - +1 war axe
rCold    . . .     Faith    +   c - +0 kite shield
rNeg     . . .     Spirit   .   b - +1 scale mail
rPois    .         Reflect  .   (helmet unavailable)
rElec    .         Harm     .   (no cloak)
rCorr    .         Rampage  .   (no gloves)
MR       +....                  (no boots)
Stlth    ..........             t - amulet of faith
HPRegen  0.15/turn              i - -4 ring of intelligence
MPRegen  0.10/turn              j - ring of protection from magic

@: lethally poisoned (0 -> -8)
A: permanent stasis, dig shafts and tunnels, four strong arms, antennae 3
a: Dig, Shaft Self


You were on level 4 of the Dungeon.
You visited 1 branch of the dungeon, and saw 4 of its levels.

You collected 201 gold pieces.

Inventory:

Hand Weapons
 a - a +1 war axe (weapon)
Missiles
 g - 5 curare-tipped darts (quivered)
 n - 13 poisoned darts
Armour
 b - a +1 scale mail (worn)
 c - a +0 kite shield (worn)
 m - a cursed +0 pair of boots
Jewellery
 i - a -4 ring of intelligence (left hand)
 j - a ring of protection from magic (right hand)
 t - an amulet of faith (around neck)
Scrolls
 k - 2 scrolls of teleportation
Potions
 d - a potion of might
 e - a potion of lignification
 f - a potion of curing
 h - a potion of mutation {unknown}
 l - a potion of ambrosia {unknown}
 o - a potion of flight {unknown}
 r - 2 potions of brilliance {unknown}


   Skills:
 - Level 3.2 Fighting
 + Level 4.7 Axes
 - Level 3.2 Armour
 + Level 6.3 Shields


You had 5 spell levels left.
You didn't know any spells.
Your spell library was empty.

Dungeon Overview and Level Annotations

Branches:
Dungeon (4/15)
 Temple: D:4-7

Altars:
Fedhas
Gozag
Qazlal
Ru


Innate Abilities, Weirdness & Mutations

You cannot be hasted, slowed, berserked, paralysed or teleported.
You can dig through walls and to a lower floor.
Your four strong arms can wield two-handed weapons with a shield.
You have a pair of large antennae on your head. (SInv)


Message History

The orc priest is moderately wounded.
You feel sick. You block the orc priest's attack.
The orc priest looks satisfied for a moment.
You hit the orc priest.
The orc priest is heavily wounded.
You feel sick.
The orc priest hits you with a cursed +0 hand axe.
You barely miss the orc priest.
The orc priest is heavily wounded.
You feel sick.
The orc priest mumbles some strange prayers to Beogh against you.
Beogh smites you!
You are too injured to fight recklessly!
You are too injured to fight recklessly!
You hit the orc priest.
The orc priest is severely wounded.
You feel sick.
The orc priest calls down the wrath of Beogh upon you.
Beogh smites you!
You die...

########### #.........#
*********#####.........##########
*,,,,,,,,......))........†.......
*,***,,******#.o@......##########
*,,,,,,,,,,* #$........# #######
*,,*******,**#....#########......
*>,* *** *,,,+.)..........#.#####
*,,*******,**#....#######.#.#####
,,,,,+_+,,,* #....# #...##...
**,***+***,* #....# ##.......
,,,* *,* *,* #....# #..#....
*,,***,***,* ****** ##.#....


You could see an orc priest.

Vanquished Creatures
  Blork the orc (D:4)
  A howler monkey (D:4)
  Robin (D:3)
  4 gnolls (D:3)
  4 worms
  2 dart slugs (D:1)
  A leopard gecko (D:3)
  8 orcs
  6 bats
  5 giant cockroaches
  11 goblins
  9 hobgoblins
  12 jackals
  9 kobolds
  2 quokkas
  A ball python (D:4)
  9 frilled lizards
  A quokka skeleton (D:4)
  5 rats
92 creatures vanquished.

Notes
Turn   | Place    | Note
-------+----------+-------------------------------------------
     0 | D:1      | DogServant the Formicid Fighter began the quest for the
                  | Orb.
     0 | D:1      | Reached XP level 1. HP: 18/18 MP: 1/1
   132 | D:1      | Reached XP level 2. HP: 22/24 MP: 2/2
   153 | D:1      | Reached skill level 4 in Shields
   366 | D:1      | Reached XP level 3. HP: 29/29 MP: 3/3
   999 | D:2      | Reached XP level 4. HP: 35/35 MP: 4/4
  1035 | D:2      | Found a sacrificial altar of Ru.
  1789 | D:3      | Reached skill level 5 in Shields
  1794 | D:3      | HP: 1/35 [gnoll/+0 whip (3)]
  1795 | D:3      | Reached XP level 5. HP: 1/41 MP: 5/5
  2658 | D:3      | Noticed Robin
  2670 | D:3      | Killed Robin
  2846 | D:4      | Found a blossoming altar of Fedhas.
  2968 | D:4      | Noticed an air elemental
  2969 | D:4      | Found a stormy altar of Qazlal.
  2971 | D:4      | Noticed a fire elemental
  2971 | D:4      | Noticed a water elemental
  2994 | D:4      | Found an opulent altar of Gozag.
  2996 | D:4      | Noticed Blork the orc
  3013 | D:4      | Killed Blork the orc
  3013 | D:4      | Reached skill level 6 in Shields
  3013 | D:4      | Reached XP level 6. HP: 45/47 MP: 6/6
  3155 | D:4      | Killed from afar by an orc priest

Illustrated notes

Levels and vault maps discovered:
D:1:      dpeg_arrival_pond, layout_loops_ring
D:2:      layout_basic, nicolae_ru_path_of_blood, uniq_crazy_yiuf_cottage
D:3:      layout_loops_cross, uniq_robin
D:4:      layout_basic, grunt_gozag_statues, lemuel_doored_altar,
          kennysheep_little_box, nicolae_qazlal_style_of_elements,
          uniq_blork_the_orc

Skill      XL: |  1  2  3  4  5 |
---------------+----------------+-----
Shields        | 4 5 6 |  6.3
Axes           | 3 4 |  4.7
Fighting       | |  3.2
Armour         | |  3.2

Action                   |  1- 3 |  4- 6 || total
-------------------------+-------+-------++-------
Melee: War axe           |    95 |   165 ||   260
Throw: Dart              |       |     3 ||     3
  Use: Scroll            |     1 |     7 ||     8
       Potion            |       |     2 ||     2
Armor: Scale mail        |    49 |    68 ||   117
Dodge: Dodged            |    36 |    66 ||   102
Block: Kite shield       |    66 |   107 ||   173

Table legend: (Time is in decaauts)
 A = Elapsed time spent in this place.
 B = Non-inter-level travel time spent in this place.
 C = Inter-level travel time spent in this place.
 D = Time resting spent in this place.
 E = Time spent auto-exploring this place.
 F = Levels seen in this place.
 G = Mean time per level.
                   A        B        C        D        E       F      G
               +--------+--------+--------+--------+--------+-----+--------+
         Total |   3253 |   3162 |     91 |    143 |   2357 |   4 |  813.2 |
       Dungeon |   3253 |   3162 |     91 |    143 |   2357 |   4 |  813.2 |
               +--------+--------+--------+--------+--------+-----+--------+

Top non-repeatable levels by time:
     D:3: 1399 daAuts
     D:1: 747 daAuts
     D:2: 710 daAuts
     D:4: 395 daAuts
